 Dungeon Crawl Stone Soup version 0.16-a0-3472-g5ce0ac0 (webtiles) character file.

260 PolkaDot the Insei (level 5, -6/42 HPs)
             Began as a Draconian Transmuter on Jan 3, 2015.
             Killed from afar by an orc wizard (7 damage)
             ... with a puff of flame
             ... on level 4 of the Dungeon.
             The game lasted 00:16:38 (4266 turns).

PolkaDot the Insei (Draconian Transmuter)           Turns: 4266, Time: 00:16:38

Health: -6/42      AC:  7    Str: 12    XL:     5   Next: 95%
Magic:  0/9        EV: 12    Int: 14    God:
Gold:   177        SH:  0    Dex: 12    Spells: 2 memorised, 3 levels left

rFire  . . .     SeeInvis .       - Unarmed
rCold  . . .     Clarity  .     (armour unavailable)
rNeg   + . .     SustAb   .     (no shield)
rPois  .         Gourm    .     (helmet restricted)
rElec  .         Spirit   +     e - +1 cloak
rCorr  .         Warding  .     (no gloves)
rMut   .         Stasis   .     (boots unavailable)
MR     .....                    c - amulet of guardian spirit
Stlth  +.........               (no ring)
                                j - ring of positive energy

@: appendage (expiring), very slightly contaminated, not resistant to hostile
enchantments, very unstealthy
A: unfitting armour, talons 3, cold-blooded, AC +5
a: End Transformation


You were on level 4 of the Dungeon.
You were not hungry.
You had grown temporary talons.
You visited 1 branch of the dungeon, and saw 4 of its levels.

You collected 177 gold pieces.

Inventory:

Missiles
 b - 73 arrows
Armour
 e - a +1 cloak (worn)
Jewellery
 c - an amulet of guardian spirit (around neck)
 j - a ring of positive energy (left hand)
Magical devices
 n - a wand of polymorph (15)
 o - a wand of digging (13)
Scrolls
 f - a scroll of magic mapping
 h - a scroll of random uselessness {unknown}
 k - a scroll of identify {unknown}
 l - 3 scrolls of teleportation
Books
 d - a book of Changes

   Spells                             Type                      Level
   a - Beastly Appendage              Transmutation                1
   b - Sticks to Snakes               Transmutation                2
   c - Spider Form                    Transmutation/Poison         3
   d - Ice Form                       Ice/Transmutation            4
   e - Blade Hands                    Transmutation                5
Comestibles
 a - 2 bread rations
 g - 2 meat rations
 i - 2 chunks of flesh
 m - a fruit


   Skills:
 - Level 2.5 Fighting
 - Level 1.7 Dodging
 * Level 5.1 Unarmed Combat
 - Level 2.0 Spellcasting
 + Level 3.5 Transmutations
 + Level 1.6 Ice Magic


You had 3 spell levels left.
You knew the following spells:

 Your Spells              Type           Power        Failure   Level  Hunger
a - Beastly Appendage     Trmt           ##....       6%          1    ##.....
x - Ice Form              Ice/Trmt       #.......     82%         4    #####..


Dungeon Overview and Level Annotations

Branches:
Dungeon (4/15)
 Temple: D:4-7

Altars:


Innate Abilities, Weirdness & Mutations

Your plain brown scales are hard (AC +5).
Your body does not fit into most forms of armour.
Your cold-blooded metabolism reacts poorly to cold.
You have claws for feet.


Message History

The orc wizard gestures wildly while chanting.
The orc wizard flickers and vanishes!
Deactivating autopickup; reactivate with Ctrl-A.
You barely miss something. Your kick misses something.
Something hits you but does no damage.
You hear some strange, mumbled words.
A puff of flame appears from out of thin air!
The puff of flame hits you!
* * * LOW MAGIC WARNING * * *;
* * * LOW HITPOINT WARNING * * *
You barely miss something. You claw something.
Something hits you but does no damage.
You barely miss something.
You hear the slow rusting of a drain, a long way away.
Something hits you but does no damage.
You miss something. You claw something. Something hits you but does no damage.
You hear some strange, mumbled words.
A puff of flame appears from out of thin air!
The puff of flame hits you!
* * * LOW MAGIC WARNING * * *
You die...

### #.#**## #..,,..
#.#**#. #.# #. #.# #.
###.####.
###############>.......
#.....@{ooW....ยงรท...).(
#.########.####.#.####.
*,* *#+#*.....#**#. *,*
*,,,#.#.##o.,.< *,*
*,,,#.#.#*..... *,*
*,,,#,#.#*.o... *,*
*,,,*,...,..... *,*
*,,,**###,o.... *,*
**+**** *,o,,..


You could see a phantom and 2 orcs.

Vanquished Creatures
  2 orc priests
  2 worker ants
  Robin (D:1)
  3 adders
  A giant mite (D:3)
  5 worms
  3 giant geckos (D:2)
  3 orcs
  2 ball pythons (D:4)
  8 bats
  12 hobgoblins
  4 jackals (D:1)
  4 quokkas
  4 giant cockroaches
  3 giant newts
  11 goblins
  8 kobolds
  4 rats
  2 toadstools (D:1)
82 creatures vanquished.

Vanquished Creatures (others)
  2 toadstools (D:1)
2 creatures vanquished.

Grand Total: 84 creatures vanquished

Notes
Turn   | Place    | Note
--------------------------------------------------------------
     0 | D:1      | PolkaDot, the Draconian Transmuter, began the quest for the Orb.
     0 | D:1      | Reached XP level 1. HP: 16/16 MP: 3/3
   364 | D:1      | Reached XP level 2. HP: 20/23 MP: 4/4
  1013 | D:2      | Gained mutation: You heal slowly when monsters are visible. [potion of mutation]
  1013 | D:2      | Gained mutation: You can spit poison. [potion of mutation]
  1013 | D:2      | Gained mutation: Your body is misshapen. [potion of mutation]
  1020 | D:2      | Reached XP level 3. HP: 21/29 MP: 4/6
  1698 | D:2      | Noticed Robin
  1701 | D:2      | Lost mutation: Your body is misshapen. [potion of cure mutation]
  1701 | D:2      | Lost mutation: You can spit poison. [potion of cure mutation]
  1701 | D:2      | Lost mutation: You heal slowly when monsters are visible. [potion of cure mutation]
  1940 | D:1      | Killed Robin
  1940 | D:1      | Reached skill level 4 in Unarmed Combat
  1940 | D:1      | Reached XP level 4. HP: 25/37 MP: 2/7
  2471 | D:2      | Learned a level 4 spell: Ice Form
  2735 | D:3      | Reached XP level 5. HP: 42/42 MP: 7/9
  3176 | D:2      | Reached skill level 1 in Ice Magic
  3801 | D:3      | Reached skill level 5 in Unarmed Combat
  4166 | D:4      | Noticed a phantom
  4263 | D:4      | HP: 1/42 [something/puff of flame (6)]
  4266 | D:4      | Killed from afar by an orc wizard

Action                   |  1- 3 |  4- 6 || total
-------------------------+-------+-------++-------
Melee: Unarmed           |   167 |   232 ||   399
 Cast: Beastly Appendage |     7 |    13 ||    20
 Abil: Spit Poison       |     1 |       ||     1
  Use: Potion            |     3 |     1 ||     4
       Scroll            |     5 |     1 ||     6
 Stab: Sleeping          |     1 |       ||     1
  Eat: Chunk             |     3 |     7 ||    10
       Bread ration      |       |     1 ||     1
